Map: Dusk Towers

Players

Tooncinator

  • Race: Zerg Zerg
  • League: Bronze

juhyg - Winner!

  • Race: Zerg Zerg
  • League: Bronze

VOD

Have the link to the VOD?

Description

Time

  • Played on: Feb. 7, 2016, 8:34 p.m.
  • Length: 5:17
Show
View Real Time Build Order
Export as new Build Order

Tooncinator Zerg 

Build Orders: Pool First 

Get SALT Encoding   

  12  0:01  Drone  
  13  0:24  Spawning Pool  
  13  0:26  Drone  
  13  0:30  Drone  
  14  0:38  Overlord  
  14  0:48  Extractor  
  14  0:49  Drone  
  15  1:11  Zergling x6  
  17  1:22  Queen  
  19  1:26  Drone  
  20  1:37  Overlord  
  20  2:04  Zergling x4  
  20  2:07  Lair  
  20  2:34  Zergling x12  
  26  2:37  Metabolic Boost  
  25  3:09  Zergling x4  
  25  3:10  Zergling x2  
  28  3:24  Hatchery  
  27  3:52  Zergling x6  
  30  3:55  Overlord  
    5:02  Drone x3  
Show
View Real Time Build Order
Export as new Build Order

juhyg Zerg - Winner!

Build Orders: Pool First 

Get SALT Encoding   

  12  0:17  Spawning Pool  
  11  0:25  Drone  
  11  0:26  Drone  
  13  0:31  Drone  
  14  0:40  Overlord  
  14  0:52  Overlord  
  14  1:04  Extractor  
  14  1:05  Zergling x2  
  14  1:07  Queen  
  14  1:11  Zergling x2  
  17  1:22  Zergling x2  
  18  1:31  Zergling x2  
  19  1:41  Zergling x2  
  20  1:54  Zergling x2  
  20  2:38  Zergling x4  
  20  2:39  Zergling x6  
  21  3:06  Zergling x2  
  21  3:07  Zergling x2  
  21  3:09  Zergling x2  
  23  3:14  Zergling x4  
  23  3:15  Zergling x2  
  26  3:26  Zergling x2  
  27  3:39  Zergling x2  
  28  3:44  Zergling x4  
  28  3:46  Overlord  
  30  3:59  Hatchery  
  19  4:42  Overlord, Spawning Pool  
  19  4:43  Drone x5  
Tags
 
Add a new tag
Caveats
  • Supply blocks, unpowered buildings, or Contaminate may cause inaccurate times.
  • Supply counts are checked every 10 seconds.